 Dungeon Crawl Stone Soup version 0.27.1-33-g824d729ab1 (webtiles) character file.

Game seed: 15556775878232723637

184 sking99 the Ruffian (level 5, -2/53 HPs)
             Began as a Troll Monk on Dec 8, 2021.
             Succumbed to a gnoll sergeant's poison
             ... on level 4 of the Dungeon.
             The game lasted 00:02:33 (2313 turns).

sking99 the Ruffian (Troll Monk)                    Turns: 2313, Time: 00:02:34

Health: -2/53      AC:  4    Str: 20    XL:     5   Next: 36%
Magic:  4/4        EV: 10    Int:  6    God:
Gold:   139        SH:  0    Dex: 12    Spells: 4/4 levels left

rFire    . . .     SeeInvis .     - Unarmed
rCold    . . .     Faith    .   (no shield)
rNeg     . . .     Spirit   .   a - +0 robe
rPois    .         Reflect  .   (helmet restricted)
rElec    .         Harm     .   (no cloak)
rCorr    .         Rampage  .   (gloves unavailable)
Will     .....                  (boots unavailable)
Stlth    ++........             (no amulet)
HPRegen  1.17/turn              (no ring)
MPRegen  0.09/turn              (no ring)

@: lethally poisoned (-2 -> -23)
A: large, unfitting armour, claws 3, regeneration 1, shaggy fur 1, tough skin 1
a: no special abilities


You were on level 4 of the Dungeon.
You visited 1 branch of the dungeon, and saw 4 of its levels.

You collected 139 gold pieces.

Inventory:

Armour
 a - a +0 robe (worn)
Potions
 c - 2 potions of brilliance
 f - 2 potions of curing
 h - a potion of flight {unknown}


   Skills:
 + Level 3.4 Fighting
 - Level 2.4 Dodging
 - Level 1.0 Stealth
 * Level 5.3 Unarmed Combat


You had 4 spell levels left.
You didn't know any spells.
Your spell library contained the following spells:

 Spells                   Type           Power      Damage    Failure   Level
 Magic Dart               Conj           0%         1d3       45%         1
 Call Imp                 Summ           0%         N/A       58%         2
 Mephitic Cloud           Conj/Pois/Air  0%         N/A       83%         3


Dungeon Overview and Level Annotations

Branches:
Dungeon (4/15)
 Temple: D:4-7

Altars:


Innate Abilities, Weirdness & Mutations

You are too large for most types of armour.
You have claws for hands.
Your natural rate of healing is unusually fast.
You are covered in fur. (AC +1)
You have tough skin. (AC +1)


Message History

Found 14 gold pieces. 2 gnolls come into view.
The gnoll shouts!
You hear a shout! x2
There are monsters nearby!
A gnoll comes into view. It is wielding a +0 halberd.
The gnoll shouts!
The gnoll moves out of view.
A gnoll sergeant comes into view. It is wielding a +2 trident of venom.
You barely miss the gnoll. The gnoll misses you.
You closely miss the gnoll. The gnoll barely misses you.
You claw the gnoll!
You kill the gnoll!
You completely miss the gnoll. The gnoll closely misses you.
You claw the gnoll!
You kill the gnoll!
A gnoll comes into view. It is wielding a +0 flail.
Items here: $ )) †.
The gnoll misses you.
The gnoll sergeant hits you with a +2 trident of venom.
You are poisoned.
The gnoll shouts!
You scratch the gnoll sergeant but do no damage.
You feel very sick. The gnoll hits you with a +0 halberd.
The gnoll sergeant hits you with a +2 trident of venom!
You are more poisoned.
You claw the gnoll sergeant!
The gnoll sergeant is moderately wounded.
You feel very sick. The gnoll closely misses you.
The gnoll sergeant closely misses you.
You are too injured to fight recklessly!
You feel very sick. The gnoll barely misses you.
The gnoll sergeant hits you from afar with a +2 trident of venom!
* * * LOW HITPOINT WARNING * * *
You are lethally poisoned!
Items here: $ )) †.
* * * LOW HITPOINT WARNING * * *
You feel extremely sick.
You die...

##..## #...##
##..## #†...#
##..## #....#
#..## #<...##
#..# #..(..#
#..# #.....##
##.## #.......
#..# ##.......
#.@## #.....###
#...# ##....##
##).# ###....##
#gg.####......#
#...##<).....##
#.g####.....###
...# #....##
...# #...##
....# ##..#


You could see a gnoll sergeant and 2 gnolls.

Vanquished Creatures
  A hound (D:4)
  Terence (D:2)
  4 adders
  2 gnolls (D:4)
  2 worms (D:2)
  2 dart slugs (D:4)
  3 orcs
  4 ball pythons
  5 bats
  3 endoplasms
  2 giant cockroaches (D:2)
  3 goblins
  11 hobgoblins
  4 jackals (D:2)
  4 quokkas (D:2)
  3 kobolds
  4 rats
58 creatures vanquished.

Notes
Turn   | Place    | Note
-------+----------+-------------------------------------------
     0 | D:1      | sking99 the Troll Monk began the quest for the Orb.
     0 | D:1      | Reached XP level 1. HP: 22/22 MP: 0/0
   256 | D:1      | You fall into a shaft and drop 1 floor!
   260 | D:2      | Reached XP level 2. HP: 25/29 MP: 1/1
   387 | D:2      | Reached XP level 3. HP: 32/36 MP: 2/2
   536 | D:2      | Reached skill level 4 in Unarmed Combat
   686 | D:2      | Noticed Terence
   695 | D:2      | Killed Terence
   696 | D:2      | Reached XP level 4. HP: 40/45 MP: 3/3
   955 | D:1      | Found a faded altar of an unknown god.
  2154 | D:4      | Reached skill level 5 in Unarmed Combat
  2154 | D:4      | Reached XP level 5. HP: 49/53 MP: 4/4
  2313 | D:4      | Succumbed to a gnoll sergeant's poison

Illustrated notes

Levels and vault maps discovered:
D:1:      kilobyte_arrival_exit_the_forest, layout_rooms,
          hellmonk_ecumenical_altar_blasted, minmay_unequal
D:2:      layout_loops_ring, chequers_serial_rivers_micro_e, uniq_terence
D:3:      layout_basic
D:4:      layout_layer_cave

Skill      XL: |  1  2  3  4 |
---------------+-------------+-----
Unarmed Combat | 4 5 |  5.3
Fighting       | 3 |  3.4
Dodging        | |  2.4
Stealth        | |  1.0

Action                   |  1- 3 |  4- 6 || total
-------------------------+-------+-------++-------
Melee: Unarmed           |    56 |    66 ||   122
       Punch             |       |     2 ||     2
  Use: Scroll            |       |     5 ||     5
 Stab: Sleeping          |     3 |     2 ||     5
Armor: Robe              |    21 |    12 ||    33
Dodge: Dodged            |    27 |    36 ||    63
